 Dungeon Crawl Stone Soup version 0.31-a0-662-g684573625c (webtiles) character file.

Game seed: 13506711723337521106

3404 arthad the Cleaver (level 10, 0/129 HPs)
             Began as a Meteoran Cinder Acolyte on Aug 31, 2023.
             Was a Priest of Ignis.
             Slain by a gnoll
             ... wielding a +0 spear
             ... led by a gnoll sergeant
              (3 damage)
             ... on level 7 of the Dungeon.
             The game lasted 00:18:50 (4765 turns).

arthad the Cleaver (Meteoran Cinder Acolyte)        Turns: 4765, Time: 00:18:51

Health: 0/129      AC: 32    Str: 22    XL:     10   Next: 48%
Magic:  21/21      EV:  2    Int: 15    God:    Ignis [***...]
Gold:   115        SH:  0    Dex:  9    Spells: 15/23 levels left

rFire   + . .        u - +5 quarterstaff (chaos)
rCold   . . .        (shield currently unavailable)
rNeg    + . .        A - melded +0 steam dragon scales
rPois   +            (helmet currently unavailable)
rElec   .            v - melded +0 cloak
rCorr   .            (gloves currently unavailable)
SInv    .            t - melded +0 pair of boots
Will    +....        (no amulet)
Stlth   +            z - ring of positive energy
HPRegen 0.41/turn    (no ring)
MPRegen 0.17/turn

%: no passive effects
@: tree-form, fiery-armoured, glowing, invisible (but backlit and visible),
bezotted
A: stationary, stasis, torment immunity, boosted hp, sense surroundings 3,
otherworldly, glowing, explore regen, (horns 1), (sturdy frame 1)
a: Renounce Religion, Fiery Armour, Foxfire Swarm, Rising Flame


You were on level 7 of the Dungeon.
You worshipped Ignis.
Ignis was most pleased with you.
You were a tree.
You visited 1 branch of the dungeon, and saw 8 of its levels.
You also visited: Sewer.

You collected 399 gold pieces.
You spent 284 gold pieces at shops.

Inventory:

Hand Weapons
 a - a -1 hand axe of flaming
 h - a +0 war axe
 i - a +1 whip of electrocution
 m - a +1 whip of freezing
 n - a +4 flail of draining
 u - a +5 quarterstaff of chaos (weapon)
 C - a +0 sling of draining
 G - a +2 heavy hand axe
Missiles
 c - 6 darts of dispersal
 l - 9 boomerangs (quivered)
 y - 6 poisoned darts
Armour
 b - a +0 robe
 t - a +0 pair of boots (melded)
 v - a +0 cloak (melded)
 x - a +0 helmet
 A - +0 steam dragon scales (melded)
Jewellery
 j - an amulet of faith
 z - a ring of positive energy (left branch)
Wands
 f - a wand of roots (27)
 o - a wand of digging (8)
 q - a wand of flame (24)
 H - a wand of light (8)
Scrolls
 e - a scroll of poison
 g - a scroll of immolation {unknown}
 p - 2 scrolls of fear {unknown}
 r - a scroll of brand weapon
 s - 2 scrolls of enchant armour
 w - a scroll of revelation
 D - a scroll of identify
 E - a scroll of enchant weapon
Potions
 d - a potion of haste


   Skills:
 * Level 7.5 Fighting
 * Level 8.1 Axes
 + Level 4.5 Armour
 + Level 4.3 Dodging
 * Level 7.1 Spellcasting
 + Level 3.9 Translocations
 * Level 8.1 Fire Magic


You had 15 spell levels left.
You knew the following spells:

 Your Spells              Type           Power      Damage    Failure   Level
a - Scorch                Fire           58%        2d7       1%          2
b - Gell's Gravitas       Tloc           17%        N/A       8%          3
c - Teleport Other        Tloc           17%        N/A       8%          3

Your spell library contained the following spells:

 Spells                   Type           Power      Damage    Failure   Level
 Portal Projectile        Hex/Tloc       22%        N/A       19%         3
 Cigotuvi's Dreadful Rot  Necr/Pois/Air  10%        N/A       21%         2
 Call Canine Familiar     Summ           5%         N/A       36%         3
 Dispel Undead            Necr           5%         3d7       78%         4
 Leda's Liquefaction      Hex/Erth       2%         N/A       78%         4
 Dispersal                Tloc           8%         N/A       99%         6
 Death Channel            Necr           2%         N/A       100%        6


Dungeon Overview and Level Annotations

Branches:
Dungeon (8/15) Zot: 71     Temple (0/1) D:7           Sewer (visited)
   Lair: D:8-11

Altars:
Ashenzari
Dithmenos
Makhleb
Zin
The Shining One

Shops:
D:2 :[   D:5 *   D:6 *?[=:

Annotations:
D:5 2 transporters


Innate Abilities, Weirdness & Mutations

You are a tree.
Your roots penetrate the ground, keeping you stationary.
You cannot be teleported.
You are immune to unholy pain and torment.
Your maximum health is greatly increased.
Your equipment is partially melded.
You passively map a large area around you.
You are easily found by Zot.
You glow in the dark.
You regain HP and MP as you explore.
((You have a pair of small horns on your head.))
((Your movements are slightly less encumbered by armour. (ER -2)))


Message History

The orc closely misses you.
You sock the gnoll sergeant! You burn the gnoll sergeant.
You kill the gnoll sergeant!
The orc hits you from afar with a +0 trident.
The gnoll hits you from afar with a +0 halberd!
* * * LOW HITPOINT WARNING * * *
You barely miss the gnoll. The gnoll barely misses you.
The orc hits you but does no damage.
The gnoll hits you from afar with a +0 halberd.
* * * LOW HITPOINT WARNING * * *
You closely miss the gnoll. The gnoll barely misses you.
The orc completely misses you.
The gnoll hits you from afar with a +0 halberd.
* * * LOW HITPOINT WARNING * * *
The gnoll closely misses you.
It was a potion of mutation.
You feel extremely strange.
You feel less encumbered by your armour.
Your attunement to dungeon structure grows further.
A pair of horns grows on your head!
Your +0 helmet falls away!
The gnoll barely misses you. The orc hits you but does no damage.
You become transparent, but the glow from your body prevents you from becoming completely invisible.
The gnoll hits you from afar with a +0 halberd!
* * * LOW HITPOINT WARNING * * *
The orc hits you but does no damage. The gnoll hits you but does no damage.
The gnoll is burned by your cloak of flames.
The gnoll is heavily wounded.
It was a potion of lignification.
You turn into a tree.
Your +0 cloak melds into your body.
Your +0 pair of boots melds into your body.
Your +0 steam dragon scales melds into your body.
Your roots penetrate the ground.
The gnoll hits you from afar with a +0 halberd.
* * * LOW HITPOINT WARNING * * *
The orc hits you but does no damage. The gnoll hits you with a +0 whip.
* * * LOW HITPOINT WARNING * * *
The gnoll is burned by your cloak of flames.
The gnoll is moderately wounded.
The gnoll hits you with a +0 spear.
You die...

.#.....#..# , *
.#.....#..#
.......#..# ,
##.#####..# , ...#
#..#
########..########,,
.......#.........#,
######.#.#######.# ,
#...##....#♣#
#####*,#.ggg# ,,, ,
, #.o### , , ,
,,,#.g ,* , , , #..
, ,, , ..., , *** ,
....* * * * **
*####. ,,,, ,, , ,
##


You could see 4 gnolls and an orc.

Vanquished Creatures
  Pikel (D:4)
  Joseph (D:7)
  Grinder (D:3)
  Sigmund (D:2)
  A wyvern (D:5)
  A steam dragon (D:4)
  Edmund (D:6)
  Pargi (Sewer)
  2 ice beasts (D:6)
  A sky beast (D:6)
  2 black bears (D:6)
  A phantom (D:4)
  A kobold brigand (D:4)
  A gnoll sergeant (D:7)
  2 bullfrogs (D:7)
  2 scorpions (D:4)
  6 killer bees (D:6)
  A howler monkey (D:6)
  A jelly (D:5)
  Crazy Yiuf (D:3)
  3 orc priests (D:7)
  2 sleepcaps
  Jessica (D:2)
  An orc wizard (D:7)
  2 iguanas
  Ijyb (D:3)
  Robin (D:4)
  3 gnolls (D:3)
  4 adders
  A river rat (D:4)
  A white imp (D:6)
  2 worms (D:4)
  2 dart slugs
  21 orcs
  4 ball pythons
  7 endoplasms
  3 giant cockroaches
  13 goblins
  8 hobgoblins
  3 jackals (D:2)
  3 quokkas
  7 bats
  8 kobolds
  5 rats
135 creatures vanquished.

Vanquished Creatures (others)
  64 foxfires
64 creatures vanquished.

Grand Total: 199 creatures vanquished

Notes
Turn   | Place    | Note
-------+----------+-------------------------------------------
     0 | D:1      | arthad the Meteoran Cinder Acolyte began the quest for the
                  | Orb.
     0 | D:1      | Reached XP level 1. HP: 19/19 MP: 3/3
   105 | D:1      | Found a faded altar of an unknown god.
   497 | D:1      | Reached XP level 2. HP: 25/26 MP: 5/5
   498 | D:1      | Glimpsed the power of Zot.
   542 | D:2      | Found Otiuch's Armour Boutique.
   604 | D:2      | Noticed Sigmund
   608 | D:2      | Killed Sigmund
   609 | D:2      | Reached skill level 1 in Armour
   609 | D:2      | Reached skill level 1 in Dodging
   609 | D:2      | Reached XP level 3. HP: 31/33 MP: 6/8
   609 | D:2      | Reached XP level 4. HP: 38/40 MP: 6/9
   609 | D:2      | Reached XP level 5. HP: 43/46 MP: 6/10
   609 | D:2      | Reached XP level 6. HP: 49/52 MP: 6/11
   630 | D:2      | Noticed Jessica
   634 | D:2      | Killed Jessica
   667 | D:2      | Found Qoihuc's Book Boutique.
   934 | D:3      | Noticed Grinder
   945 | D:3      | Paralysed by Grinder for 3 turns
   956 | D:3      | Killed Grinder
   957 | D:3      | Reached skill level 5 in Axes
   957 | D:3      | Reached skill level 5 in Fire Magic
   957 | D:3      | Reached XP level 7. HP: 24/60 MP: 11/13
   960 | D:3      | Learned a level 2 spell: Scorch
  1339 | D:3      | Found a shadowy altar of Dithmenos.
  1423 | D:3      | Noticed Ijyb
  1430 | D:3      | Killed Ijyb
  1563 | D:3      | Found a runed translucent door.
  1564 | D:3      | Noticed Crazy Yiuf
  1653 | D:3      | Killed Crazy Yiuf
  1698 | D:4      | Noticed Robin
  1710 | D:4      | Killed Robin
  1711 | D:4      | Reached skill level 5 in Fighting
  1712 | D:4      | Found a burning altar of Makhleb.
  1712 | D:4      | Found a broken altar of Ashenzari.
  1727 | D:4      | Reached XP level 8. HP: 59/68 MP: 15/15
  1781 | D:4      | Found a glowing silver altar of Zin.
  1934 | D:4      | Found a glowing drain.
  1944 | Sewer    | Entered a sewer
  1985 | Sewer    | Noticed Pargi
  2032 | Sewer    | Killed Pargi
  2033 | Sewer    | Reached skill level 1 in Translocations
  2122 | D:4      | Noticed Pikel
  2131 | D:4      | Killed Pikel
  2132 | D:4      | Reached skill level 5 in Spellcasting
  2132 | D:4      | Gained mutation: You passively map the area around you.
                  | [Meteoran growth]
  2132 | D:4      | Reached XP level 9. HP: 25/75 MP: 15/17
  2316 | D:4      | Learned a level 3 spell: Gell's Gravitas
  2320 | D:4      | Learned a level 3 spell: Teleport Other
  2396 | D:4      | Glimpsed the power of Zot.
  2416 | D:5      | Entered Level 5 of the Dungeon
  2461 | D:5      | Found a transporter.
  2480 | D:5      | Found a transporter.
  2511 | D:5      | Found Porer's CLEARANCE SALE!.
  2988 | D:5      | Glimpsed the power of Zot.
  3038 | D:6      | Noticed Edmund
  3045 | D:6      | Killed Edmund
  3096 | D:6      | Found Piumuny's Armour Shoppe.
  3096 | D:6      | Found Zireeruc's Magic Scroll Shop.
  3106 | D:6      | Bought a scroll of brand weapon for 133 gold pieces
  3106 | D:6      | Bought a scroll of enchant armour for 105 gold pieces
  3202 | D:6      | You fall into a shaft and drop 2 floors!
  3342 | D:8      | Found a glowing golden altar of the Shining One.
  3372 | D:7      | Noticed Joseph
  3388 | D:7      | Killed Joseph
  3389 | D:7      | Reached XP level 10. HP: 42/84 MP: 20/20
  3569 | D:6      | Found Vusan's Assorted Antiques.
  3572 | D:6      | Bought a scroll labelled BALEFIP QAHE for 23 gold pieces
  3572 | D:6      | Bought a scroll labelled BALEFIP QAHE for 23 gold pieces
  3902 | D:6      | Found Athafeox's Jewellery Shoppe.
  3949 | D:6      | Found Jushepruu's Book Shoppe.
  4454 | D:7      | Found a staircase to the Ecumenical Temple.
  4742 | D:7      | Glimpsed the power of Zot.
  4763 | D:7      | Gained mutation: Your movements are slightly less
                  | encumbered by armour. (ER -2) [potion of mutation]
  4763 | D:7      | Gained mutation: You passively map a large area around you.
                  | [potion of mutation]
  4763 | D:7      | Gained mutation: You have a pair of small horns on your
                  | head. [potion of mutation]
  4765 | D:7      | HP: 5/129 [gnoll/+0 halberd[a gnoll sergeant] (4)]
  4765 | D:7      | Slain by a gnoll

Illustrated notes

Levels and vault maps discovered:
D:1:      wander_arrival_chamber, layout_basic,
          hellmonk_ecumenical_altar_inner_sanctum
D:2:      layout_basic, serial_shops, nicolae_book_shop_shelving, shop,
          uniq_jessica, uniq_sigmund
D:3:      layout_basic, amcnicky_altar_gilded, uniq_crazy_yiuf_cottage,
          uniq_grinder, uniq_ijyb
D:4:      minmay_angry_zag, layout_basic, zin_treasury,
          mainiacjoe_overflow_divided_tiny, lemuel_doored_altar,
          gup_sewer_entry_bubbles, uniq_pikel, uniq_robin, uniq_menkaure
D:5:      gammafunk_steamed_eel, layout_loops_corners, roderic_lattice_a,
          nicolae_shop_clearance
D:6:      layout_basic, serial_shops, nicolae_shop_real_fake_doors,
          nicolae_inconvenience_store, nicolae_shop_trees, shop, shop,
          nicolae_sextant, hangedman_decor_riveting, uniq_edmund
D:7:      layout_basic, minmay_temple_entry_fiery, uniq_joseph
D:8:      layout_basic, mainiacjoe_overflow_alcove_2, minmay_misc_feat_tower

Skill      XL: |  1  2  3  4  5  6  7  8  9 10 |
---------------+-------------------------------+-----
Fighting       | 4 5 6 7 |  7.5
Axes           | 4 5 6 7 8 |  8.1
Armour         | 1 2 3 4 |  4.5
Dodging        | 1 2 3 4 |  4.3
Spellcasting   | 2 3 4 5 6 7 |  7.1
Fire Magic     | 4 5 6 7 8 |  8.1
Translocations | 2 3 |  3.9

Action                     |  1- 3 |  4- 6 |  7- 9 | 10-12 || total
---------------------------+-------+-------+-------+-------++-------
  Melee: Hand axe          |    30 |    28 |   189 |       ||   247
         Punch             |       |     1 |     1 |       ||     2
         Quarterstaff      |       |       |   139 |    92 ||   231
  Throw: Boomerang         |       |       |     3 |     2 ||     5
         Dart              |       |       |     3 |       ||     3
 Invoke: Foxfire Swarm     |     1 |     2 |     1 |       ||     4
         Fiery Armour      |       |     1 |       |     1 ||     2
  Evoke: Wand              |       |       |     2 |       ||     2
    Use: Potion            |       |       |     5 |     6 ||    11
         Scroll            |       |       |    11 |       ||    11
   Stab: Petrified         |       |       |     8 |       ||     8
 Armour: Robe              |    18 |    27 |   194 |       ||   239
         Steam dragon scal |       |       |    76 |   107 ||   183
         Skin              |       |       |       |     4 ||     4
  Dodge: Dodged            |    14 |    12 |   231 |    89 ||   346

Table legend: (Time is in decaauts)
 A = Elapsed time spent in this place.
 B = Non-inter-level travel time spent in this place.
 C = Inter-level travel time spent in this place.
 D = Time resting spent in this place.
 E = Time spent auto-exploring this place.
 F = Levels seen in this place.
 G = Mean time per level.
                   A        B        C        D        E       F      G
               +--------+--------+--------+--------+--------+-----+--------+
         Total |   4865 |   4688 |    177 |      0 |   3412 |   9 |  540.6 |
       Dungeon |   4727 |   4550 |    177 |      0 |   3368 |   8 |  590.9 |
         Sewer |    138 |    138 |      0 |      0 |     44 |   1 |  138.0 |
               +--------+--------+--------+--------+--------+-----+--------+

Top non-repeatable levels by time:
     D:6: 893 daAuts
     D:3: 754 daAuts
     D:7: 734 daAuts
     D:5: 630 daAuts
     D:4: 626 daAuts
     D:1: 510 daAuts
     D:2: 427 daAuts
     D:8: 149 daAuts
   Sewer: 138 daAuts
